 Dungeon Crawl Stone Soup version 0.23.2-1-ga50397a (webtiles) character file.

Game seed: 5746996160999078754

1476 myga the Slicer (level 9, -4/60 HPs)
             Began as a Halfling Berserker on May 6, 2019.
             Was a Priest of Trog.
             Slain by a hippogriff (5 damage)
             ... on level 7 of the Dungeon.
             The game lasted 00:22:55 (5159 turns).

myga the Slicer (Halfling Berserker)                Turns: 5159, Time: 00:22:55

Health: -4/60      AC: 10    Str: 24    XL:     9   Next: 6%
Magic:  9/9        EV: 12    Int:  5    God:    Trog [***...]
Gold:   357        SH:  0    Dex: 16    Spells: 8/8 levels left

rFire    . . .     SeeInvis .   v - +0 rapier
rCold    + . .     Gourm    .   (shield restricted)
rNeg     . . .     Faith    .   x - +1 chain mail
rPois    .         Spirit   .   (no helmet)
rElec    .         Reflect  .   (no cloak)
rCorr    .         Harm     .   (no gloves)
MR       .....                  (no boots)
Stlth    ..........             (no amulet)
HPRegen  0.20/turn              m - ring of stealth
MPRegen  0.11/turn              e - ring of protection from cold

@: mighty, berserk cooldown, hasted and slowed
A: small, mutation resistance 1
a: Berserk, Trog's Hand, Renounce Religion


You were on level 7 of the Dungeon.
You worshipped Trog.
Trog was most pleased with you.
You were near starving.

You visited 2 branches of the dungeon, and saw 8 of its levels.

You collected 357 gold pieces.

Inventory:

Hand Weapons
 v - a +0 rapier (weapon)
 C - a +0 hunting sling
Missiles
 a - 14 sling bullets
 b - 97 arrows
 h - 44 bolts
 n - 4 tomahawks
 q - 91 stones (quivered)
 w - 29 poisoned needles
 B - 3 throwing nets
Armour
 i - a +0 leather armour
 x - a +1 chain mail (worn)
Jewellery
 e - a ring of protection from cold (right hand)
 m - a ring of stealth (left hand)
 D - an uncursed ring of positive energy
Wands
 z - a wand of polymorph (14)
Scrolls
 f - 3 scrolls of remove curse
 j - 5 scrolls of fear
 p - a scroll of teleportation
Potions
 l - a potion of berserk rage
 r - 4 potions of curing
 s - a potion of lignification
Comestibles
 c - 11 rations


   Skills:
 + Level 4.8 Fighting
 + Level 9.3 Short Blades
 + Level 0.4(3.2) Slings
 + Level 3.5 Throwing
 + Level 4.9 Armour
 + Level 3.6 Dodging
 + Level 1.3 Stealth


You had 8 spell levels left.
You didn't know any spells.
Your spell library was empty.

Dungeon Overview and Level Annotations

Branches:
Dungeon (7/15)             Temple (1/1) D:6

Altars:
Ashenzari
Cheibriados
Dithmenos
Elyvilon
Fedhas
Gozag
Kikubaaqudgha
Makhleb
Nemelex Xobeh
Okawaru
Qazlal
Sif Muna
Trog
Uskayaw
Vehumet
Wu Jian
Xom
Zin
The Shining One

Shops:
D:4 =}%   D:6 *


Innate Abilities, Weirdness & Mutations

You are small and have problems with some larger weapons.
You are somewhat resistant to further mutation.


Message History

The hippogriff closely misses you.
The hippogriff pecks you but does no damage.
The hippogriff claws you.
* * * LOW HITPOINT WARNING * * *
You hit the hippogriff.
The hippogriff is almost dead.
The hippogriff misses you. The hippogriff pecks you.
* * * LOW HITPOINT WARNING * * *
The hippogriff claws you.
* * * LOW HITPOINT WARNING * * *
Okay, then.
You feel yourself speed up.
The hippogriff bites you but does no damage.
The hippogriff pecks you but does no damage.
The hippogriff claws you.
* * * LOW HITPOINT WARNING * * *
The hippogriff barely misses you. The hippogriff pecks you.
* * * LOW HITPOINT WARNING * * *
The hippogriff claws you.
You die...

.....#
#...####.
.....
###.####.
....#
########
#.#....
...
#......#
#.#.###
.h.
#.####.#
#.#..<#
#F# #.#
#.#
#.#####
#.# #.#
#.# #.#
#o####.#
#.# #.#
#oJ{H@.#
#.####.#
#5######
##.....#
#.#
#######
... ....
.....
.......
l.....


You could see a hippogriff, a jelly, a crimson imp and 2 orcs.

Vanquished Creatures
  An orc warrior (D:7)
  2 ice beasts
  3 ogres (D:4)
  3 bullfrogs
  A howler monkey (D:6)
  A crimson imp (D:5)
  2 jellies
  An orc priest (D:6)
  3 hounds (D:4)
  4 orc wizards
  A centaur skeleton (D:6)
  Jessica (D:2)
  An iguana (D:3)
  A worker ant (D:7)
  A worker ant zombie (D:5)
  8 gnolls (D:6)
  7 adders
  A shadow imp (D:6)
  An ooze (D:3)
  An adder skeleton (D:4)
  A worm (D:3)
  3 dart slugs (D:1)
  9 leopard geckos
  13 orcs
  A ball python (D:3)
  5 giant cockroaches
  5 goblins
  6 hobgoblins
  5 jackals
  2 quokkas (D:3)
  4 bats
  3 frilled lizards
  6 kobolds
  A quokka skeleton (D:4)
  7 rats
115 creatures vanquished.

Notes
Turn   | Place    | Note
-------+----------+-------------------------------------------
     0 | D:1      | myga the Halfling Berserker began the quest for the Orb.
     0 | D:1      | Reached XP level 1. HP: 15/15 MP: 1/1
   233 | D:1      | Reached XP level 2. HP: 20/20 MP: 2/2
   300 | D:1      | Reached skill level 4 in Short Blades
   481 | D:1      | Reached XP level 3. HP: 21/26 MP: 3/3
   533 | D:1      | Reached ** piety under Trog
  1349 | D:2      | Noticed Jessica
  1356 | D:2      | Killed Jessica
  1356 | D:2      | Reached XP level 4. HP: 31/31 MP: 4/4
  1854 | D:3      | Reached skill level 1 in Throwing
  1854 | D:3      | Reached XP level 5. HP: 36/36 MP: 5/5
  1905 | D:3      | Reached skill level 5 in Short Blades
  2776 | D:4      | Found Zenuin's Jewellery Shoppe.
  2781 | D:4      | Noticed an ogre
  2790 | D:4      | Killed an ogre
  2790 | D:4      | Reached XP level 6. HP: 43/43 MP: 6/6
  2924 | D:4      | Found Loblet's Gadget Boutique.
  3014 | D:4      | Found Nyonatux's Food Boutique.
  3033 | D:4      | Noticed an ogre
  3044 | D:4      | Killed an ogre
  3044 | D:4      | Reached skill level 6 in Short Blades
  3044 | D:4      | Reached skill level 1 in Stealth
  3044 | D:4      | Reached XP level 7. HP: 47/47 MP: 7/7
  3562 | D:4      | Reached *** piety under Trog
  3562 | D:4      | Reached skill level 7 in Short Blades
  3892 | D:5      | Entered Level 5 of the Dungeon
  3896 | D:5      | Reached XP level 8. HP: 54/54 MP: 8/8
  4115 | D:4      | Found a shattered altar of Ashenzari.
  4115 | D:4      | Found an ornate altar of the Wu Jian Council.
  4348 | D:6      | Found Jeheduu's General Store.
  4464 | D:6      | Reached skill level 8 in Short Blades
  4525 | D:6      | HP: 2/54 [orc priest/+0 hand axe (5)]
  4701 | D:6      | Found a deep blue altar of Sif Muna.
  4756 | D:6      | Reached skill level 9 in Short Blades
  4808 | D:6      | Found a staircase to the Ecumenical Temple.
  4814 | Temple   | Entered the Ecumenical Temple
  5118 | D:7      | Noticed a hippogriff
  5144 | D:7      | Reached XP level 9. HP: 20/60 MP: 9/9
  5158 | D:7      | HP: 3/60 [hippogriff (3)]
  5159 | D:7      | HP: 1/60 [hippogriff (1)]
  5159 | D:7      | Slain by a hippogriff

Skill      XL: |  1  2  3  4  5  6  7  8 |
---------------+-------------------------+-----
Fighting       | 3 4 |  4.8
Short Blades   | 4 5 6 7 9 |  9.3
Throwing       | 1 2 3 |  3.5
Dodging        | 3 |  3.6
Armour         | 3 4 |  4.9
Stealth        | 1 |  1.3
Slings         | |  0.4

Action                   |  1- 3 |  4- 6 |  7- 9 || total
-------------------------+-------+-------+-------++-------
Melee: Short sword       |   120 |    15 |       ||   135
       Rapier            |       |   107 |   241 ||   348
 Fire: Hunting sling     |       |       |    10 ||    10
Throw: Stone             |    21 |    39 |    39 ||    99
       Throwing net      |     1 |       |       ||     1
       Tomahawk          |       |     2 |     7 ||     9
Invok: Berserk           |     3 |     3 |     6 ||    12
       Trog's Hand       |       |     1 |     1 ||     2
  Use: Scroll            |     1 |     1 |    10 ||    12
       Potion            |       |     1 |     6 ||     7
 Stab: Sleeping          |       |     1 |       ||     1
  Eat: Chunk             |     3 |     9 |    12 ||    24
Armor: Animal skin       |     4 |       |       ||     4
       Leather armour    |    13 |       |       ||    13
       Scale mail        |     2 |    18 |       ||    20
       Chain mail        |       |    23 |    77 ||   100
Dodge: Dodged            |    85 |    57 |    93 ||   235
